[Event "Early-Titled-Tuesday-Blitz-April-16-2024"]
[Site "Chess.com"]
[Date "2024.04.16"]
[Round "9"]
[White "SaiAgni_98"]
[Black "teresin05"]
[Result "0-1"]
[WhiteElo "2471"]
[BlackElo "2350"]
[TimeControl "180+1"]
[EndTime "9:49:37 PDT"]
[Termination "teresin05 won by resignation"]

1. e4 c5 2. Nc3 Nc6 3. Bc4 e6 4. f4 a6 5. a4 Nge7 6. e5 d5 7. exd6 Nf5 8. Nf3 Bxd6 9. d3 O-O 10. O-O Qc7 11. g3 Bd7 12. Ne4 Be7 13. c3 Nd6 14. Ba2 Rfd8 15. Qc2 b5 16. Be3 Nxe4 17. dxe4 c4 18. Bb1 e5 19. fxe5 Nxe5 20. Nxe5 Qxe5 21.
Bd4 Bc5 22. Qf2 Bxd4 23. cxd4 Qe7 24. axb5 axb5 25. Rxa8 Rxa8 26. e5 Bc6 27. Qf5 g6 28. Qf4 Rd8 29. Qe3 Qd7 30. Rf4 Qa7 31. Kf2 Qa1 32.
Qc1 Qa7 33. Ke3 Rd5 34. Re4 Qe7 35. h4 Rd7 36. Rf4 Bd5 37. Be4 Qb4 38. Bxd5 Rxd5 39.
Qc3 Qe7 40. Rf6 Qd7 41. Rf4 Kg7 42. Kf2 Qb7 43. Qf3 Qd7 44. Qe3 b4 45. Kg2 Qe6 46. Qd2 Qc6 47. Qxb4 Rb5+ 48. d5 Qxd5+ 0-1

[Event "Early-Titled-Tuesday-Blitz-April-16-2024"]
[Site "Chess.com"]
[Date "2024.04.16"]
[Round "9"]
[White "Kobalia"]
[Black "Dixit_Nikhil"]
[Result "1-0"]
[WhiteElo "2824"]
[BlackElo "2618"]
[TimeControl "180+1"]
[EndTime "9:49:38 PDT"]
[Termination "Kobalia won by resignation"]

1. d4 Nf6 2. Nf3 g6 3. Bg5 Bg7 4. Nbd2 a6 5. e4 O-O 6. e5 Ne8 7. Bc4 b5 8. Bd5 c6 9. Bb3 d6 10. Qe2 d5 11. h4 h6 12. Be3 Bg4 13. Nf1 f5 14. N1h2 Bh5 15. O-O-O a5 16. a3 e6 17. Rhg1 c5 18. dxc5 Nc6 19. Qd2 Nxe5 20. Nxe5 Bxe5 21. Nf3 Bg7 22. Bxh6 Qf6 23. Bxg7 Kxg7 24. Rde1 Nc7 25. Ne5 b4 26. Nd7 Qxh4 27. Rh1 Qe7 28. Qd4+ Kh6 29. Nxf8 Rxf8 30. f3 Nb5 31. Qe3+ f4 32. Qxe6 Qxc5 33. Qxd5 Qxd5 34. Bxd5 bxa3 35. bxa3 Nxa3 36. Kb2 Nb5 37. c4 Nd4 38. Kc3 Nf5 39. c5 a4 40. c6 Ne3 41.
Be4 Kg7 42. Ra1 Nxg2 43. Rxa4 Ne3 44. c7 Rc8 45. Ra7 Kf6 46. Rb1 Bxf3 47. Bxf3 Ke5 48.
Rb8 Rxc7+ 49. Rxc7 Nf5 50. Rb5+ Kf6 51. Rc6+ Kg5 52. Be4 Kg4 53. Rxg6+ Kh3 54. Bxf5+ 1-0

[Event "Early-Titled-Tuesday-Blitz-April-16-2024"]
[Site "Chess.com"]
[Date "2024.04.16"]
[Round "9"]
[White "Yushko_Olga"]
[Black "Hui_Li_Macau"]
[Result "1-0"]
[WhiteElo "2274"]
[BlackElo "2388"]
[TimeControl "180+1"]
[EndTime "9:49:38 PDT"]
[Termination "Yushko_Olga won on time"]

1. d4 d5 2. c4 e6 3. cxd5 exd5 4. Nc3 c6 5. Bf4 Nf6 6. e3 Bd6 7. Bg5 Bf5 8. Bd3 Bxd3 9. Qxd3 Nbd7 10. Nge2 O-O 11. O-O Bxh2+ 12. Kxh2 Ng4+ 13. Kg1 Qxg5 14. Nf4 Qh4 15. Nh3 Ngf6 16. Qf5 Rfe8 17. b4 Qg4 18. Qxg4 Nxg4 19. b5 Nb6 20. Rab1 Nf6 21. Nf4 Nc4 22. Rfd1 g5 23. Nd3 Kg7 24. bxc6 bxc6 25.
Rb7 Nd6 26. Rc7 Rec8 27. Re7 Re8 28. Rc7 Rec8 29. Rxc8 Rxc8 30. Rb1 Rc7 31. Rb8 Nfe4 32. Na4 h6 33. Nac5 Nxc5 34. Nxc5 Nc4 35. Kf1 Nd6 36. Ke2 Nc4 37. Kd3 Nd6 38. f3 Kh7 39. e4 dxe4+ 40. fxe4 Kg7 41. e5 Nf5 42. e6 Nh4 43. g3 Ng6 44. Ke4 Kf6 45. exf7 Kxf7 46. Kf5 Ne7+ 47. Ke5 Nd5 48. Kd6 Re7 49. Kxc6 Ne3 50.
Nd3 Nf5 51. Ne5+ Kg7 52. g4 Nxd4+ 53. Kd6 1-0

[Event "Early-Titled-Tuesday-Blitz-April-16-2024"]
[Site "Chess.com"]
[Date "2024.04.16"]
[Round "9"]
[White "TheoSlade"]
[Black "dosto07"]
[Result "1/2-1/2"]
[WhiteElo "2384"]
[BlackElo "2509"]
[TimeControl "180+1"]
[EndTime "9:49:39 PDT"]
[Termination "Game drawn - insufficient material"]

1. d4 d5 2. c4 dxc4 3. Nf3 Nf6 4. e3 e6 5. Bxc4 c5 6. O-O a6 7. b3 cxd4 8. Qxd4 Qxd4 9. Nxd4 Bd7 10. Bb2 Nc6 11. Nd2 Nxd4 12. Bxd4 Bc6 13. Rac1 Ba3 14. Rc2 O-O 15. Be2 Bb5 16. Nc4 Be7 17. a4 Bxc4 18.
Rxc4 b5 19. Rc7 Nd5 20. Rb7 bxa4 21. bxa4 a5 22. Bf3 Bf6 23. Bxd5 exd5 24. Bxf6 gxf6 25. Rd1 Rfd8 26. Rb5 Kg7 27. Rdxd5 Rxd5 28. Rxd5 Kg6 29.
g3 Ra6 30. Kg2 f5 31. Kf3 f6 32. Kf4 Rb6 33. Rxa5 Rb2 34. Kf3 Ra2 35. Ra8 h5 36.
a5 Kg7 37. h4 Ra4 38. a6 Ra5 39. Kf4 Kg6 40. a7 Ra4+ 41. Kf3 Kg7 42. Ke2 Ra2+ 43. Kd3 Kh7 44. Kd4 Kg7 45. Kd5 Ra6 46. Kd4 Ra4+ 47. Kc5 Ra1 48. Kd6 Ra6+ 49. Ke7 Ra1 50.
Kd7 Ra6 51. Ke8 Re6+ 52. Kd8 Ra6 53. Ke7 Ra1 54. Ke6 Ra5 55. Kd6 Ra6+ 56. Kd5 Ra5+ 57. Ke6 Re5+ 58. Kd6 Ra5 59. f3 Ra3 60. e4 fxe4 61.
fxe4 Ra5 62. Ke6 Re5+ 63. Kd6 Ra5 64. Re8 Ra6+ 65. Kd5 Rxa7 66. Ke6 Ra6+ 67. Kf5 Ra5+ 68. Kf4 Kf7 69. Rh8 Kg6 70. g4 hxg4 71. Kxg4 Ra4 72.
Kf4 f5 73. h5+ Kg7 74. Re8 Rxe4+ 75. Rxe4 fxe4 76. Kxe4 Kh6 77. Kf4 Kxh5 1/2-1/2

[Event "Early-Titled-Tuesday-Blitz-April-16-2024"]
[Site "Chess.com"]
[Date "2024.04.16"]
[Round "9"]
[White "Veleamater"]
[Black "GeorgiosSouleidis"]
[Result "0-1"]
[WhiteElo "2432"]
[BlackElo "2665"]
[TimeControl "180+1"]
[EndTime "9:49:40 PDT"]
[Termination "GeorgiosSouleidis won by checkmate"]

1. g3 d5 2. Bg2 Nf6 3. d3 c6 4.
h3 e5 5. Nf3 Bd6 6. O-O O-O 7.
Nc3 Nbd7 8. e4 Re8 9. Nd2 Nb6 10. f4 dxe4 11. dxe4 Qe7 12. f5 Bc5+ 13. Kh2 a5 14. a3 a4 15. Qf3 Rd8 16. g4 Ne8 17. Qg3 f6 18. h4 Nd6 19. g5 Kh8 20. g6 h6 21. Kh1 Ndc4 22. Nxc4 Nxc4 23. Qe1 b5 24. Rf3 Bb7 25. Bf1 Nd6 26. Bd3 Rd7 27. Qg3 Rad8 28. Qg4 Bd4 29. Ne2 Bb6 30. Ng3 Ne8 31. Qh5 Qf8 32.
Qg4 Ba6 33. Nf1 Ba7 34. Nh2 c5 35. Be3 c4 36. Be2 Bxe3 37. Rxe3 Qc5 38. Rg3 Rd2 39.
Qh5 Bb7 40. Bf3 Rxc2 41. Rag1 Qf8 42. Ng4 Rd7 43. R3g2 Rxg2 44. Rxg2 Kg8 45. Ne3 Qc5 46. Nd5 Bxd5 47. exd5 Nd6 48. Qg4 Re7 49. Re2 Ne8 50.
Qe4 Nd6 51. Qc2 Rc7 52. Bg2 Kf8 53. Qc3 Qd4 54. Qb4 Qxh4+ 55. Kg1 Ke7 56. Qa5 Qd4+ 57.
Kf1 Qa7 58. Qb4 Qc5 59. Qa5 c3 60. bxc3 Qxc3 61. Qxb5 Nxb5 62. d6+ Nxd6 63. Bd5 Qc1+ 64. Kf2 Qf4+ 65. Ke1 Rc1# 0-1

[Event "Early-Titled-Tuesday-Blitz-April-16-2024"]
[Site "Chess.com"]
[Date "2024.04.16"]
[Round "9"]
[White "Acva-Alenok"]
[Black "jbking07"]
[Result "1-0"]
[WhiteElo "2328"]
[BlackElo "2410"]
[TimeControl "180+1"]
[EndTime "9:49:40 PDT"]
[Termination "Acva-Alenok won on time"]

1. d4 d5 2. c4 e6 3. Nf3 Nf6 4. g3 Be7 5. Bg2 O-O 6. O-O dxc4 7. Ne5 c5 8. dxc5 Qc7 9. Nxc4 Qxc5 10. Nba3 Nc6 11.
Be3 Qf5 12. Qc2 Qxc2 13. Nxc2 Nd5 14. Bd2 Bf6 15. e4 Nb6 16. N2e3 Nd4 17. e5 Bg5 18. f4 Be7 19. Rfd1 Bc5 20. b4 Nxc4 21. bxc5 Nxe3 22.
Bxe3 Nc2 23. c6 bxc6 24. Bc5 Nxa1 25. Bxc6 Ba6 26. Bxf8 Kxf8 27. Rxa1 Rc8 28. Be4 Ke7 29. Rb1 Rc7 30. Rb3 Bc4 31. Rc3 Kd8 32. a3 Ba2 33. Rxc7 Kxc7 34. Bxh7 g6 35. Bg8 Kd7 36. Bxf7 Bb1 37. h4 Ke7 38. Bg8 Kf8 39. Bxe6 Ke7 40. Bc4 a5 41. Kf2 Bf5 42. Ke3 Bc8 43. Bd3 Kf7 44. h5 gxh5 45. f5 Ke7 46. Kf4 h4 47. gxh4 Bd7 48. f6+ 1-0

[Event "Early-Titled-Tuesday-Blitz-April-16-2024"]
[Site "Chess.com"]
[Date "2024.04.16"]
[Round "9"]
[White "tarno17"]
[Black "Tol_Tol"]
[Result "0-1"]
[WhiteElo "2127"]
[BlackElo "2392"]
[TimeControl "180+1"]
[EndTime "9:49:42 PDT"]
[Termination "Tol_Tol won by checkmate"]

1. e4 c5 2. Nf3 Nc6 3. Bb5 e6 4.
O-O Nge7 5. c3 a6 6. Ba4 b5 7. Bc2 Bb7 8. Re1 Ng6 9. d4 cxd4 10.
cxd4 Be7 11. Nbd2 O-O 12. Nf1 d5 13. e5 Rc8 14. Ng3 a5 15. Be3 a4 16. Rc1 Na5 17. Bb1 Nc4 18. b3 axb3 19. axb3 Nxe3 20. Rxe3 Qb6 21.
Rec3 b4 22. Rxc8 Rxc8 23. h3 Rc3 24. Ne2 Rxf3 25. gxf3 Nh4 26. Ng3 g6 27. Bd3 Bg5 28. Rc5 Be7 29. Rb5 Qc7 30. Qc2 Qd7 31. Be2 Kg7 32.
Qd3 Ba6 33. Nf1 Bxb5 34. Qxb5 Qxb5 35. Bxb5 Nxf3+ 36. Kg2 Nxd4 37. Bd7 Nxb3 38. Ne3 Nd2 39. Ba4 b3 40. Nd1 Ba3 41. Bxb3 Nxb3 42. f4 Bc1 43. Kf3 Nd4+ 44. Kg4 h5+ 45. Kg3 Ne2+ 46. Kf3 Nxf4 47. Nf2 g5 48. Nh1 Kg6 49. Ng3 Nd3 50. Ke2 Nxe5 51.
h4 gxh4 52. Kf1 hxg3 53. Kg2 h4 54. Kh3 Kg5 55. Kg2 Kg4 56. Kh1 h3 57. Kg1 Be3+ 58. Kh1 g2+ 59. Kh2 g1=Q# 0-1

[Event "Early-Titled-Tuesday-Blitz-April-16-2024"]
[Site "Chess.com"]
[Date "2024.04.16"]
[Round "9"]
[White "vasblesk"]
[Black "albi1999"]
[Result "1-0"]
[WhiteElo "2826"]
[BlackElo "2654"]
[TimeControl "180+1"]
[EndTime "9:49:43 PDT"]
[Termination "vasblesk won on time"]

1. d4 Nf6 2. c4 c6 3. Nc3 d5 4. cxd5 cxd5 5. Bf4 Nc6 6. Rc1 Qb6 7. e3 Bg4 8. f3 Bd7 9. Qd2 e6 10. Bd3 Nh5 11.
Bg5 Bd6 12. Nge2 h6 13. Bh4 Rc8 14. O-O Ne7 15. Kh1 Nf6 16. e4 Bb4 17. e5 Nh7 18. a3 Bxc3 19. bxc3 Nf8 20. f4 Nfg6 21. Bf2 h5 22.
Kg1 Qa5 23. Qb2 Rc7 24. g3 a6 25. h3 O-O 26. g4 hxg4 27. hxg4 Bb5 28. Bxg6 fxg6 29. Be1 Qa4 30. Rf2 Qc4 31. Ng3 Qd3 32.
Kg2 Nc6 33. Rf3 Qc4 34. Bd2 Rcf7 35. Qb1 Ne7 36. Rh1 Qa4 37. Bc1 Bc4 38. Qb2 Qb5 39. Qd2 Rc8 40. Kg1 Qb3 41. Qh2 Kf8 42. Qh8+ Ng8 43.
Qh7 Qd1+ 44. Kg2 Qc2+ 45. Kh3 Bd3 46. f5 gxf5 47. gxf5 exf5 48. e6 Rf6 49. Bg5 f4 50. Qh4 Rg6 51. Rxf4+ Ke8 52. Qh5 1-0

[Event "Early-Titled-Tuesday-Blitz-April-16-2024"]
[Site "Chess.com"]
[Date "2024.04.16"]
[Round "9"]
[White "kuba2006"]
[Black "Caradhrast"]
[Result "1-0"]
[WhiteElo "2559"]
[BlackElo "2652"]
[TimeControl "180+1"]
[EndTime "9:49:45 PDT"]
[Termination "kuba2006 won by checkmate"]

1. e4 c6 2. d4 d5 3. e5 Bf5 4.
Nf3 e6 5. a3 c5 6. c4 Bxb1 7. Rxb1 Nc6 8. Be3 Nge7 9. dxc5 Nf5 10. cxd5 Nxe3 11. fxe3 Qxd5 12. Qxd5 exd5 13. Bb5 Bxc5 14.
Rc1 Bxe3 15. Rxc6 bxc6 16. Bxc6+ Ke7 17. Bxa8 Rxa8 18. Ke2 Bb6 19. Rc1 h6 20. Kd3 Re8 21. b4 Kd7 22. a4 a6 23. a5 Ba7 24. Nd4 Rxe5 25. Nc6 Re3+ 26. Kd2 Rb3 27. Nxa7 Rxb4 28. Nc6 Rb2+ 29. Kd3 Rxg2 30. Nb8+ Kd6 31. Nxa6 Rxh2 32. Ra1 Rb2 33. Kc3 Rb7 34. Nb4 Ra7 35. a6 Kc5 36.
Ra5+ Kb6 37. Rxd5 g5 38. Rd6+ Kb5 39. Rxh6 f5 40. Rf6 g4 41. Rxf5+ Ka4 42. Rf4 Rc7+ 43. Kd2 Rd7+ 44. Ke2 g3 45. Kf3 Rg7 46. Kg2 Kb5 47. Re4 Kb6 48. Re5 Ka7 49. Ra5 Rg4 50. Nc6+ Ka8 51. Rb5 Rg6 52. Rb8# 1-0

[Event "Early-Titled-Tuesday-Blitz-April-16-2024"]
[Site "Chess.com"]
[Date "2024.04.16"]
[Round "9"]
[White "diamonds13"]
[Black "GreenPeach24"]
[Result "0-1"]
[WhiteElo "2332"]
[BlackElo "2436"]
[TimeControl "180+1"]
[EndTime "9:49:45 PDT"]
[Termination "GreenPeach24 won by checkmate"]

1. d4 Nf6 2. c4 e6 3. Nc3 Bb4 4. e3 O-O 5. Bd2 d5 6. Nf3 b6 7.
cxd5 exd5 8. Bd3 a6 9. Rc1 Bd6 10. Ne5 c5 11. O-O Bb7 12. f4 Ne4 13. Be1 cxd4 14.
exd4 b5 15. a4 b4 16. Nxe4 dxe4 17. Bc4 Nd7 18. Qh5 g6 19. Nxg6 Nf6 20. Qg5 hxg6 21. Qxg6+ Kh8 22. Qh6+ Nh7 23. Bh4 Be7 24. Bf2 Bf6 25.
d5 Rg8 26. Rfe1 Bxb2 27. Rcd1 Bg7 28. Qh5 Re8 29. Re3 Bc8 30. f5 Qg5 31. Qxf7 Bxf5 32. Rg3 Bg4 33. Be3 Qh5 34. Rf1 Rf8 35. Qxh5 Bxh5 36.
Rxf8+ Rxf8 37. d6 Rd8 38. Bc5 Be5 39. Rh3 Bg4 40. Rh6 Kg7 41. Rxh7+ Kxh7 42. h3 Bf5 43. Bb6 Rxd6 44. Be2 Rd2 45. Bh5 b3 46. Be3 b2 47.
Bxd2 b1=Q+ 48. Kf2 Qd3 49. Be3 Bd4 50. Bxd4 Qxd4+ 51.
Kg3 e3 52. Bf3 Qd2 53. Kf4 e2+ 54. Kxf5 e1=Q 55. g4 Qd3+ 56. Be4 Qexe4+ 57. Kg5 Qdd5+ 58. Kh4 Qe1# 0-1

[Event "Early-Titled-Tuesday-Blitz-April-16-2024"]
[Site "Chess.com"]
[Date "2024.04.16"]
[Round "9"]
[White "Szparu"]
[Black "DominguezOnYoutube"]
[Result "1-0"]
[WhiteElo "2879"]
[BlackElo "2942"]
[TimeControl "180+1"]
[EndTime "9:49:46 PDT"]
[Termination "Szparu won on time"]

1. e4 c5 2. c3 Nf6 3. e5 Nd5 4. d4 cxd4 5. Nf3 d6 6. cxd4 dxe5 7. Nxe5 Nc6 8. Bc4 e6 9. O-O Be7 10. Nf3 O-O 11. Nc3 Nxc3 12. bxc3 b6 13. Bd3 Bb7 14.
Qc2 g6 15. Bh6 Re8 16. Rad1 Rc8 17. Qe2 Bf6 18. Rfe1 Ne7 19. Bb5 Bc6 20. Ba6 Rc7 21.
Bf4 Rd7 22. Ne5 Bxe5 23. Bxe5 Nd5 24. Qb2 Qg5 25. Bf1 Nf4 26. g3 Nd5 27. c4 Ne7 28. d5 exd5 29. Bh3 Rb7 30. Bf6 Qh5 31. Bg2 Nf5 32. cxd5 Rxe1+ 33. Rxe1 Bd7 34. Qe5 Qh6 35. g4 Nh4 36. Qe8+ Bxe8 37. Rxe8+ Qf8 38. Rxf8+ Kxf8 39. Bxh4 Rc7 40. Bf3 Rc1+ 41. Kg2 Rc2 42. a4 Ke8 43. Bg3 Kd7 44. Bb8 g5 45. Bxa7 Rb2 46. Bb8 Rb4 47. Be2 Rd4 48. d6 h6 49. Bb5+ Kc8 50. Bc7 Kb7 51.
Kg3 f6 52. Kf3 Rf4+ 53. Kg3 Rd4 54. h3 Kc8 55. Kf3 Kb7 56. Ke3 Rxd6 57. Bxd6 1-0

[Event "Early-Titled-Tuesday-Blitz-April-16-2024"]
[Site "Chess.com"]
[Date "2024.04.16"]
[Round "9"]
[White "MIss_MIaMI"]
[Black "Aminazinas"]
[Result "1/2-1/2"]
[WhiteElo "2363"]
[BlackElo "2521"]
[TimeControl "180+1"]
[EndTime "9:49:46 PDT"]
[Termination "Game drawn - insufficient material"]

1. e4 e5 2. Nf3 Nc6 3. d4 exd4 4. c3 d5 5. exd5 Qxd5 6. Nxd4 Nxd4 7. cxd4 Nf6 8. Nc3 Qa5 9. Bb5+ c6 10. Qe2+ Be7 11. Bd3 O-O 12. O-O Bd6 13. h3 Bf5 14.
Be3 Rfe8 15. Qc2 Bxd3 16. Qxd3 Rad8 17. Qc2 Nd5 18. Nxd5 Qxd5 19. Rfe1 Bc7 20. Qc5 Qxc5 21. dxc5 f6 22. Rad1 Kf7 23. Kf1 Rxd1 24. Rxd1 Rd8 25. Rc1 Be5 26. b4 Ke6 27. Ke2 Rd5 28. a4 a6 29. b5 axb5 30. axb5 Bd4 31. bxc6 bxc6 32. Bxd4 Rxd4 33. Ke3 Kd5 34. Ra1 Re4+ 35. Kf3 Re7 36. Rc1 g6 37. g4 h6 38. Rc2 Re4 39. Rd2+ Rd4 40. Re2 Kxc5 41. Re6 Rd6 42. Re7 Kb4 43. Rh7 c5 44. Rxh6 g5 45. h4 gxh4 46. Rxh4 c4 47. Rh8 c3 48. Rc8 Kb3 49. Ke3 c2 50.
f4 Kb2 51. Rb8+ Ka1 52. Rc8 Kb1 53. Rb8+ Kc1 54. Rc8 Kd1 55. Ke4 c1=Q 56. Rxc1+ Kxc1 57. Kf5 Kd2 58. g5 fxg5 59. fxg5 Ke3 60. g6 Rd8 61. g7 Kd4 62. Kf6 Ra8 63. Kf7 Ra7+ 64. Kf8 Ra8+ 65. Kf7 Ra7+ 66. Kf8 Ke5 67. g8=Q Ra8+ 68. Kg7 Rxg8+ 69.
Kxg8 1/2-1/2

[Event "Early-Titled-Tuesday-Blitz-April-16-2024"]
[Site "Chess.com"]
[Date "2024.04.16"]
[Round "9"]
[White "cthulhuuu"]
[Black "BenchGM"]
[Result "1-0"]
[WhiteElo "2428"]
[BlackElo "2317"]
[TimeControl "180+1"]
[EndTime "9:49:46 PDT"]
[Termination "cthulhuuu won by resignation"]

1. e4 c5 2. Nf3 e6 3. d3 Nc6 4. g3 d5 5. Nbd2 Nf6 6. Bg2 d4 7. O-O e5 8. Nc4 Qc7 9. a4 Be6 10. b3 h6 11. Bd2 Be7 12. Nh4 Qd7 13. a5 g5 14. Nf5 Bxf5 15. exf5 Qxf5 16. a6 Rd8 17.
axb7 Nd5 18. Bxd5 Rxd5 19. Rxa7 O-O 20. Ra8 Rdd8 21. Qa1 Rb8 22. Qa6 Qd7 23. Re1 f6 24. Nb6 Qxb7 25. Qc4+ Kh8 26. Rxb8 Rxb8 27. Na4 Nd8 28.
Nxc5 Qc6 29. Ne4 Qxc4 30. dxc4 f5 31. Nc3 dxc3 32. Bxc3 Bf6 33. Rxe5 Bxe5 34. Bxe5+ Kg8 35. Bxb8 Ne6 36. Bd6 Nd4 37. c5 Nxc2 38. c6 Nd4 39. c7 Kf7 40. c8=Q Kf6 41. Qd8+ Ke6 42. Qe7+ Kd5 43. Qe5+ Kc6 44. Qxd4 Kd7 45. Be5+ Ke6 46. Qd6+ Kf7 47. Qf6+ Ke8 48. Qe6+ Kd8 49. b4 f4 50. b5 fxg3 51. b6 gxf2+ 52. Kf1 g4 53. b7 1-0

[Event "Early-Titled-Tuesday-Blitz-April-16-2024"]
[Site "Chess.com"]
[Date "2024.04.16"]
[Round "9"]
[White "Zavgorodniy_Sergiy"]
[Black "lrjchess"]
[Result "1-0"]
[WhiteElo "2623"]
[BlackElo "2482"]
[TimeControl "180+1"]
[EndTime "9:49:48 PDT"]
[Termination "Zavgorodniy_Sergiy won by resignation"]

1. d4 Nf6 2. c4 g6 3. Nc3 Bg7 4. e4 O-O 5. Be2 d6 6. Nf3 c5 7. d5 e6 8. O-O exd5 9. exd5 Re8 10. h3 Ne4 11. Nxe4 Rxe4 12. Bd3 Re8 13. Bg5 Bf6 14.
Bxf6 Qxf6 15. Qd2 Na6 16. Ng5 Bf5 17. Bxf5 Qxf5 18. Nf3 Re4 19. b3 Rae8 20. Rfe1 Nb4 21. Rxe4 Rxe4 22. a3 Na6 23. Re1 Nc7 24. Kh2 Rxe1 25.
Qxe1 Qf4+ 26. Kg1 Kf8 27. Qd2 Qxd2 28. Nxd2 f5 29. f4 Ke7 30. Kf2 b5 31. Ke3 bxc4 32. bxc4 Na8 33. Kd3 Nb6 34. Kc3 h6 35. Nf3 Kf6 36. Kb3 g5 37. g3 g4 38. Ng1 gxh3 39. Nxh3 Kg6 40. Nf2 h5 41. Nd1 a5 42. Nc3 h4 43. gxh4 Kh5 44. Nb5 Nc8 45. Ka4 Kxh4 46. Kxa5 Kg4 47. Ka6 Kxf4 48. Kb7 Ke5 49. Kxc8 f4 50.
Nc3 f3 51. Nd1 Kd4 52. Kd7 Kxc4 53. Kxd6 Kd3 54. Kxc5 Ke2 55. Nc3+ Kd3 56. Nd1 Ke2 57. d6 Kxd1 58. d7 f2 59. d8=Q+ Ke1 60. Qf6 f1=Q 61.
Qxf1+ Kxf1 62. a4 1-0

[Event "Early-Titled-Tuesday-Blitz-April-16-2024"]
[Site "Chess.com"]
[Date "2024.04.16"]
[Round "9"]
[White "Viktoker"]
[Black "Statham_01"]
[Result "1-0"]
[WhiteElo "2483"]
[BlackElo "2603"]
[TimeControl "180+1"]
[EndTime "9:49:49 PDT"]
[Termination "Viktoker won by checkmate"]

1. d4 Nf6 2. c4 e6 3. Nf3 c5 4. d5 b5 5. cxb5 exd5 6. Nc3 d4 7. Nb1 d5 8. e3 dxe3 9. Bxe3 d4 10. Bg5 Bb7 11. Bd3 Nbd7 12. O-O Be7 13. Re1 O-O 14. Nbd2 h6 15. Bh4 Re8 16. a4 Nd5 17. Bg3 N7f6 18. Nc4 Rc8 19. Rc1 Nh5 20. Bb1 Nhf4 21.
Nfe5 Bg5 22. h4 Bxh4 23. Qf3 Qg5 24. Bxh4 Qxh4 25. Nd6 Ba8 26. Nxc8 Rxc8 27. Be4 Qg5 28. Nc6 Bxc6 29. bxc6 Rxc6 30. Bxd5 Nxd5 31. Re8+ Kh7 32.
Qe4+ f5 33. Qxd5 Qxc1+ 34. Kh2 Qf4+ 35. Kg1 Rf6 36. Qg8+ Kg6 37. Re7 Qc1+ 38. Kh2 Qf4+ 39. Kg1 Qc1+ 40. Kh2 Qf4+ 41. g3 Qxf2+ 42. Kh3 Qf1+ 43.
Kh2 Qf2+ 44. Kh3 Kh5 45. Rxg7 Qf1+ 46. Kh2 Qe2+ 47. Kh3 Qf1+ 48. Kh2 Qf2+ 49. Kh1 Qe1+ 50. Kh2 f4 51. Qd5+ Rf5 52. Qxf5# 1-0

[Event "Early-Titled-Tuesday-Blitz-April-16-2024"]
[Site "Chess.com"]
[Date "2024.04.16"]
[Round "9"]
[White "Martial2008"]
[Black "scarabee43"]
[Result "1/2-1/2"]
[WhiteElo "2672"]
[BlackElo "2826"]
[TimeControl "180+1"]
[EndTime "9:49:50 PDT"]
[Termination "Game drawn by repetition"]

1. d4 Nf6 2. Nf3 d5 3. Bf4 Bf5 4. c4 c6 5. Qb3 Qc8 6. e3 e6 7. Nc3 Nbd7 8. h3 Be7 9. Be2 O-O 10. O-O h6 11. Rac1 Nb6 12. c5 Nbd7 13. Qa4 b5 14.
Qd1 a5 15. a3 Ne4 16. Nxe4 Bxe4 17. Nd2 Bh7 18. a4 b4 19. Nb3 Re8 20. Bd3 Bxd3 21. Qxd3 Bf6 22. Bd6 e5 23. f4 e4 24. Qe2 Be7 25.
Bxe7 Rxe7 26. g4 f5 27. Kh2 Nf6 28. Rg1 fxg4 29. hxg4 g5 30. Rcf1 Rh7 31. Rg2 Qc7 32. Kg1 gxf4 33. Rxf4 Rf7 34. g5 hxg5 35. Rxg5+ Rg7 36.
Qg2 Nh5 37. Rxh5 Rxg2+ 38. Kxg2 Qd8 39. Rg4+ Kf7 40. Rf5+ Ke6 41. Re5+ Kd7 42. Rg7+ Kc8 43. Reg5 Qf6 44. Rg8+ Kd7 45. R8g7+ Ke8 46. R7g6 Qf3+ 47.
Kh2 Qf2+ 48. Kh1 Qe1+ 49. Kg2 Qe2+ 50. Kh1 Qd1+ 51. Kg2 Qc2+ 52. Kh3 Qxb3 53. Rg8+ Kd7 54. R8g7+ Kc8 55. Rg8+ Kd7 56. R8g7+ Ke6 57. R7g6+ Kf7 58.
Rg7+ Kf6 59. R7g6+ Ke7 60. Rg7+ Kf8 61. Rg8+ Kf7 62. R8g7+ Ke6 63. R7g6+ Kd7 64. Rg7+ 1/2-1/2

[Event "Early-Titled-Tuesday-Blitz-April-16-2024"]
[Site "Chess.com"]
[Date "2024.04.16"]
[Round "9"]
[White "2Coaches1Profile"]
[Black "Kotlyar_K"]
[Result "1/2-1/2"]
[WhiteElo "2565"]
[BlackElo "2683"]
[TimeControl "180+1"]
[EndTime "9:49:51 PDT"]
[Termination "Game drawn - insufficient material"]

1. d4 Nf6 2. Bg5 e6 3. e4 h6 4. Bxf6 Qxf6 5. c3 c5 6. Nf3 Nc6 7. Bb5 a6 8. Bxc6 dxc6 9. O-O Be7 10. Nbd2 cxd4 11. cxd4 O-O 12. Qb3 b5 13. Rfc1 Bb7 14.
Qe3 Rfd8 15. Nb3 Rac8 16. Nc5 Ba8 17. Nxa6 c5 18. Nxc5 Bxc5 19. dxc5 Qxb2 20. Rab1 Qxa2 21. Rxb5 Qa4 22. Rbb1 Bxe4 23. Ra1 Qb4 24. Ne5 Bd5 25. c6 f6 26. Nd3 Qg4 27. f3 Bxf3 28. Qxf3 Qxf3 29. gxf3 Rxd3 30. Ra7 Rd6 31. c7 Rd7 32. Kf2 Kf7 33. Ke3 e5 34. Ke4 Ke6 35. Ra6+ Rd6 36. Ra7 Kd7 37. Kf5 h5 38. Kg6 h4 39.
Kxg7 h3 40. Kf7 f5 41. Rb7 e4 42. Rb8 Rxc7 43. Rf1 e3 44. f4 Rd3 45. Re1 Rc4 46.
Kf6 Rxf4 47. Ke5 Re4+ 48. Kxf5 Re7 49. Rb7+ Kd6 50. Rxe7 Kxe7 51. Ke4 Rd2 52. Kxe3 Rxh2 53. Kf3+ Kf6 54. Kg3 Ra2 55. Kxh3 Ra3+ 56. Kg2 Ra4 57. Kf3 Kf5 58. Re3 Rh4 59. Ke2 Rh2+ 60. Kd3 Kf4 61.
Re4+ Kf5 62. Re3 Rh4 63. Re2 Rf4 64. Re3 Kg4 65. Re4 Kf3 66. Rxf4+ Kxf4 1/2-1/2

[Event "Early-Titled-Tuesday-Blitz-April-16-2024"]
[Site "Chess.com"]
[Date "2024.04.16"]
[Round "9"]
[White "SharapovEvgeny"]
[Black "AsselLesbekova"]
[Result "1/2-1/2"]
[WhiteElo "2660"]
[BlackElo "2444"]
[TimeControl "180+1"]
[EndTime "9:49:52 PDT"]
[Termination "Game drawn - insufficient material"]

1. e4 e5 2. Nf3 Nf6 3. d4 Nxe4 4. Bd3 d5 5. Nxe5 Nd7 6. Nxd7 Bxd7 7. O-O Bd6 8. c4 c6 9. cxd5 cxd5 10. Qh5 Nf6 11. Re1+ Be7 12. Qe2 Be6 13. b3 O-O 14. Ba3 Bxa3 15.
Nxa3 Qa5 16. Nb5 a6 17. Nd6 Qb6 18. Nf5 Bxf5 19. Bxf5 Qxd4 20. Rad1 Qf4 21. Qd3 g6 22. Bh3 Rfe8 23. g3 Qd6 24. Bg2 Rxe1+ 25. Rxe1 Rd8 26.
Qd4 b6 27. h4 h5 28. b4 Kg7 29. a3 Rc8 30. Rd1 Rd8 31. Bf3 Kh7 32. Kg2 Rc8 33. Qd3 d4 34. Qxd4 Qxd4 35. Rxd4 Rc3 36. Rd6 Ng4 37. a4 Ra3 38. Rxb6 Rxa4 39. Rb7 Kg7 40. Be2 Ra2 41. Rxf7+ Kxf7 42. Bc4+ Kf6 43.
Bxa2 Ne5 44. Bb1 Nc6 45. b5 axb5 46. Kf3 b4 47. Ke4 g5 48. hxg5+ Kxg5 49. Kd5 Ne7+ 50. Kc4 b3 51. Kxb3 Nd5 52. Kc4 Nf6 53. Kd4 h4 54. gxh4+ Kxh4 55. f4 Kg4 56. Ke5 Nd7+ 57. Ke4 Nf6+ 58.
Ke5 Nd7+ 59. Ke6 Kxf4 1/2-1/2

[Event "Early-Titled-Tuesday-Blitz-April-16-2024"]
[Site "Chess.com"]
[Date "2024.04.16"]
[Round "9"]
[White "Yeritsyaan"]
[Black "RojonR"]
[Result "1/2-1/2"]
[WhiteElo "2655"]
[BlackElo "2553"]
[TimeControl "180+1"]
[EndTime "9:49:52 PDT"]
[Termination "Game drawn by repetition"]

1. g3 d5 2. Bg2 c6 3. Nf3 Bg4 4. Ne5 Bf5 5. O-O Nd7 6. Nxd7 Qxd7 7. b3 e6 8. Bb2 Nf6 9. d3 Be7 10. Nd2 O-O 11. e4 Bg6 12. f4 dxe4 13. Nxe4 Rfd8 14. Nxf6+ Bxf6 15. Bxf6 gxf6 16. Qe2 Qd4+ 17. Qf2 Qxf2+ 18. Kxf2 a5 19. a3 Rd4 20. Rfe1 Rad8 21. Bf3 b6 22. h4 h5 23. Ke3 c5 24. Kd2 a4 25. Kc3 axb3 26. Kxb3 Bxd3 27. Bxh5 Bh7 28. Rad1 e5 29. c3 Rxd1 30. Rxd1 Rxd1 31. Bxd1 Bd3 32. c4 Kg7 33. Bc2 Be2 34. Be4 exf4 35. gxf4 Kh6 36. Bd5 Kh5 37. Ka4 Kg4 38. Kb5 Kxf4 39. Kxb6 Bd1 40. Kxc5 Kg4 41.
Kb4 f5 42. a4 f4 43. Bxf7 f3 44. Bd5 f2 45. Bg2 Kxh4 46. a5 Be2 47. a6 Kg3 48. a7 Kxg2 49. a8=Q+ Bf3 50. Qg8+ Kh2 51. Qh7+ Kg2 52. Qg6+ Kh2 53. Qh6+ Kg2 54. Qg5+ Kh2 55. Qh4+ Kg2 56. Qg5+ Kh2 57. Qd2 Kg3 58. Qc1 Kg2 59. Qg5+ 1/2-1/2